 Dungeon Crawl Stone Soup version 0.29-a0-1016-g236c7fd91e (webtiles) character file.

Game seed: 7281765531802925718

1639 ytrimaz the Cleaver (level 9, -1/62 (64) HPs)
             Began as a Formicid Fighter on Aug 9, 2022.
             Was an Initiate of Okawaru.
             Slain by a wight
             ... wielding a +0 halberd
              (5 damage)
             ... on level 6 of the Dungeon.
             The game lasted 00:05:57 (6310 turns).

ytrimaz the Cleaver (Formicid Fighter)              Turns: 6310, Time: 00:05:57

HP:   -1/62 (64)    AC: 13    Str: 25    XL:     9   Next: 18%
MP:   9/9           EV:  9    Int:  8    God:    Okawaru [......]
Gold: 208           SH:  5    Dex: 13    Spells: 8/8 levels left

rFire   . . .      SeeInvis +   s - +3 hand axe
rCold   . . .      Faith    .   c - +0 buckler
rNeg    . . .      Spirit   .   b - +0 scale mail
rPois   .          Reflect  .   (helmet unavailable)
rElec   .          Harm     .   l - +0 cloak
rCorr   .          Rampage  .   (no gloves)
Will    +....                   d - +0 pair of boots
Stlth   ..........              (no amulet)
HPRegen 0.20/turn               e - +4 ring of protection
MPRegen 0.11/turn               t - ring of willpower

@: lightly drained, invisible
A: permanent stasis, dig shafts and tunnels, antennae 3, four strong arms
a: Dig, Shaft Self, Renounce Religion


You were on level 6 of the Dungeon.
You worshipped Okawaru.
Okawaru was noncommittal.
You visited 1 branch of the dungeon, and saw 6 of its levels.
You also visited: Ossuary.

You collected 208 gold pieces.

Inventory:

Hand Weapons
 a - a +1 war axe
 s - a +3 hand axe (weapon)
 w - a +0 battleaxe
Armour
 b - a +0 scale mail (worn)
 c - a +0 buckler (worn)
 d - a +0 pair of boots (worn)
 l - a +0 cloak (worn)
Jewellery
 e - a +4 ring of protection (left hand)
 q - a ring of wizardry
 t - a ring of willpower (right hand)
Wands
 p - a wand of polymorph (13)
Scrolls
 g - 2 scrolls of enchant weapon
 k - 2 scrolls of fog
 n - a scroll of enchant armour
 y - 2 scrolls of torment {unknown}
 A - a scroll of fear
 B - a scroll of noise {unknown}
Potions
 f - 2 potions of brilliance {unknown}
 h - 2 potions of resistance {unknown}
 i - 2 potions of invisibility
 j - 4 potions of attraction
 m - 2 potions of magic {unknown}
 o - 3 potions of heal wounds {unknown}
 r - 2 potions of berserk rage {unknown}
 u - a potion of cancellation
 v - 2 potions of curing
 x - 2 potions of flight {unknown}
 z - 2 potions of degeneration {unknown}


   Skills:
 - Level 3.2 Fighting
 + Level 11.2 Axes
 - Level 3.2 Armour
 - Level 4.0 Shields


You had 8 spell levels left.
You didn't know any spells.
Your spell library contained the following spells:

 Spells                   Type           Power      Damage    Failure   Level
 Necrotise                Necr           0%         1d4       77%         1
 Ensorcelled Hibernation  Hex/Ice        0%         N/A       88%         2
 Gell's Gravitas          Tloc           0%         N/A       98%         3
 Lesser Beckoning         Tloc           0%         N/A       98%         3
 Spider Form              Tmut/Pois      0%         N/A       98%         3
 Teleport Other           Tloc           0%         N/A       98%         3
 Vampiric Draining        Necr           0%         2d6       98%         3
 Anguish                  Hex/Necr       0%         N/A       100%        4
 Agony                    Necr           0%         N/A       100%        5


Dungeon Overview and Level Annotations

Branches:
Dungeon (6/15)            Ossuary (visited)
 Temple: D:4-7

Altars:
Fedhas
Okawaru
Wu Jian
The Shining One


Innate Abilities, Weirdness & Mutations

You cannot be hasted, slowed, berserked, paralysed or teleported.
You can dig through walls and to a lower floor.
You have a pair of large antennae on your head. (SInv)
Your four strong arms can wield two-handed weapons with a shield.


Message History

You hit the black bear.
You kill the black bear!
Okawaru accepts your kill.
Your life force feels restored.
The wight hits you with a +2 flail of freezing.
The wight freezes you. You block the wight's attack.
Things that are here:
a +0 dagger; a +0 robe; a black bear corpse You barely miss the wight.
The wight barely misses you. The wight hits you but does no damage.
Unknown command.
You hit the wight.
The wight is lightly damaged.
The wight hits you with a +2 flail of freezing.
The wight freezes you.
* * * LOW HITPOINT WARNING * * *
The wight hits you but does no damage.
You strike the helpless wight from behind!
You hit the wight.
The wight is heavily damaged.
The wight completely misses you. The wight barely misses you.
You barely miss the wight.
The wight is heavily damaged.
Unknown command.
You closely miss the wight.
The wight is heavily damaged.
The wight hits you with a +2 flail of freezing.
* * * LOW HITPOINT WARNING * * *
The wight freezes you.
* * * LOW HITPOINT WARNING * * *
You completely miss the wight.
The wight is heavily damaged.
The wight hits you but does no damage.
You catch the helpless wight completely off-guard!
You hit the wight.
The wight is severely damaged.
The wight hits you from afar with a +0 halberd!
* * * LOW HITPOINT WARNING * * *
You feel drained.
You die...

#.##.....#.# .
#.#..###...######.....?.
##...## ###..............
<.#...#####.######.......
#...#.#......## .......
##............# .......
..............# .......
.####.........####z......
## #...........@zz......
# ............####......
#...##..######.# #....
..## ##.# #.# #.. .## #..
#.# > ..# #.# #..# ...
.... ... ...


You could see 3 wights.

Vanquished Creatures
  Menkaure (D:4)
  An orc warrior (D:6)
  An ogre (D:4)
  A black bear (D:6)
  A phantom (D:5)
  A necrophage (D:5)
  2 scorpions
  3 water moccasin zombies (Ossuary)
  A wight (D:6)
  An orc priest (D:4)
  3 hounds
  2 jellies (D:6)
  5 iguanas
  Natasha (thrice) (D:2)
  5 orc wizards
  2 mummies (Ossuary)
  Robin (D:2)
  5 adders
  An ufetubus (D:6)
  6 adder zombies (Ossuary)
  3 worms (D:3)
  3 dart slugs
  12 orcs
  5 ball pythons
  8 bats
  9 endoplasms
  9 giant cockroaches
  3 gnoll zombies (Ossuary)
  16 goblins
  10 hobgoblins
  3 jackals (D:2)
  5 kobolds
  2 quokkas
  2 frilled lizards
  7 hobgoblin zombies (Ossuary)
  6 kobold zombies (Ossuary)
  9 orc zombies (Ossuary)
  7 rats
165 creatures vanquished.

Vanquished Creatures (others)
  An orc wizard (D:5)
1 creature vanquished.

Grand Total: 166 creatures vanquished

Notes
Turn   | Place    | Note
-------+----------+-------------------------------------------
     0 | D:1      | ytrimaz the Formicid Fighter began the quest for the Orb.
     0 | D:1      | Reached XP level 1. HP: 18/18 MP: 1/1
   162 | D:1      | Reached XP level 2. HP: 24/24 MP: 2/2
   183 | D:1      | HP: 1/24 [constriction (1)]
   184 | D:1      | Reached skill level 3 in Axes
   675 | D:1      | Found a faded altar of an unknown god.
   682 | D:1      | Reached XP level 3. HP: 22/29 MP: 3/3
  1377 | D:2      | Noticed Robin
  1384 | D:2      | Reached skill level 4 in Axes
  1384 | D:2      | Reached XP level 4. HP: 33/35 MP: 4/4
  1388 | D:2      | Killed Robin
  1630 | D:2      | Noticed Natasha
  1636 | D:2      | Killed Natasha
  1753 | D:2      | Noticed Natasha
  1760 | D:2      | Killed Natasha
  1761 | D:2      | Reached skill level 5 in Axes
  1761 | D:2      | Reached XP level 5. HP: 35/41 MP: 5/5
  1818 | D:2      | Noticed Natasha
  1842 | D:2      | Killed Natasha
  2256 | D:3      | You fall into a shaft and drop 1 floor!
  2388 | D:3      | Found a blossoming altar of Fedhas.
  2664 | D:3      | Identified the +0 leather armour "Idocwy" {rF+ Will+ Dex+3}
  2848 | D:3      | Reached XP level 6. HP: 47/47 MP: 6/6
  3155 | D:4      | Reached skill level 6 in Axes
  3400 | D:4      | Noticed Menkaure
  3406 | D:4      | Killed Menkaure
  3407 | D:4      | Reached skill level 7 in Axes
  3407 | D:4      | Reached XP level 7. HP: 16/52 MP: 7/7
  4025 | D:4      | Found a glowing golden altar of the Shining One.
  4184 | D:4      | Reached skill level 8 in Axes
  4475 | D:5      | Entered Level 5 of the Dungeon
  4482 | D:5      | Reached XP level 8. HP: 58/58 MP: 8/8
  4701 | D:5      | Reached skill level 9 in Axes
  5010 | D:5      | Found an ornate altar of the Wu Jian Council.
  5532 | D:6      | Reached skill level 10 in Axes
  5672 | D:6      | Found a sand-covered staircase.
  5678 | D:6      | Found an iron altar of Okawaru.
  5682 | Ossuary  | Entered an ossuary
  5980 | Ossuary  | Reached XP level 9. HP: 53/64 MP: 9/9
  6201 | D:6      | Became a worshipper of Warmaster Okawaru
  6289 | D:6      | Reached skill level 11 in Axes
  6310 | D:6      | Slain by a wight

Illustrated notes

Levels and vault maps discovered:
D:1:      dpeg_arrival_rooms_with_view, layout_basic,
          ebering_ecumenical_altar_abandoned
D:2:      layout_basic, uniq_natasha, uniq_robin
D:3:      layout_basic, fedhas_altar_4, gup_sewer_entry_bubbles,
          nrook_mini_backslash, corexii_hall_statues_l
D:4:      layout_loops_ring, lemuel_doored_altar, uniq_menkaure
D:5:      layout_loops_ring, kennysheep_little_box
D:6:      layout_rooms, pf_just_have_faith, overflow_temple_1_default,
          nicolae_ossuary_entry_ruins

Skill      XL: |  1  2  3  4  5  6  7  8  9 |
---------------+----------------------------+-----
Axes           | 3 4 5 7 8 10 11 | 11.2
Fighting       | |  3.2
Armour         | |  3.2
Shields        | |  4.0

Action                   |  1- 3 |  4- 6 |  7- 9 || total
-------------------------+-------+-------+-------++-------
Melee: War axe           |    82 |   151 |   139 ||   372
       Hand axe          |       |       |   121 ||   121
       Battleaxe         |       |       |    21 ||    21
  Use: Scroll            |     3 |     3 |     4 ||    10
       Potion            |       |     3 |     1 ||     4
 Stab: Invisible         |       |       |     3 ||     3
Armor: Scale mail        |    53 |    88 |   123 ||   264
Dodge: Dodged            |    57 |    68 |   110 ||   235
Block: Buckler           |    38 |    46 |    42 ||   126

Table legend: (Time is in decaauts)
 A = Elapsed time spent in this place.
 B = Non-inter-level travel time spent in this place.
 C = Inter-level travel time spent in this place.
 D = Time resting spent in this place.
 E = Time spent auto-exploring this place.
 F = Levels seen in this place.
 G = Mean time per level.
                   A        B        C        D        E       F      G
               +--------+--------+--------+--------+--------+-----+--------+
         Total |   6398 |   6231 |    167 |    631 |   4297 |   7 |  914.0 |
       Dungeon |   6045 |   5878 |    167 |    460 |   4292 |   6 | 1007.5 |
       Ossuary |    352 |    352 |      0 |    171 |      5 |   1 |  352.0 |
               +--------+--------+--------+--------+--------+-----+--------+

Top non-repeatable levels by time:
     D:4: 1370 daAuts
     D:1: 1232 daAuts
     D:2: 1069 daAuts
     D:3: 914 daAuts
     D:5: 747 daAuts
     D:6: 710 daAuts
 Ossuary: 352 daAuts
